 Dungeon Crawl Stone Soup version 0.24-a0-201-gf205589 (webtiles) character file.

Game seed: 3996315811735114141

175 Borgoz the Covered (level 5, -6/32 HPs)
             Began as a Halfling Fighter on Mar 24, 2019.
             Blown up by Ijyb (18 damage)
             ... with a wand of disintegration (12)
             ... on level 3 of the Dungeon.
             The game lasted 00:03:07 (1766 turns).

Borgoz the Covered (Halfling Fighter)               Turns: 1766, Time: 00:03:07

Health: -6/32      AC:  8    Str: 17    XL:     5   Next: 86%
Magic:  5/5        EV: 10    Int:  7    God:
Gold:   129        SH:  9    Dex: 14    Spells: 4/4 levels left

rFire    . . .     SeeInvis .   a - +0 rapier
rCold    . . .     Gourm    .   c - +0 shield
rNeg     . . .     Faith    .   b - +0 scale mail
rPois    .         Spirit   .   (no helmet)
rElec    .         Reflect  .   (no cloak)
rCorr    .         Harm     .   n - +0 pair of gloves
MR       .....     Rnd*Tele +   (no boots)
Stlth    ..........             (no amulet)
HPRegen  0.10/turn              (no ring)
MPRegen  0.09/turn              (no ring)

@: no status effects
A: small, frail 1, mutation resistance 1, teleportitis 1
a: no special abilities


You were on level 3 of the Dungeon.
You were not hungry.

You visited 1 branch of the dungeon, and saw 3 of its levels.

You collected 129 gold pieces.

Inventory:

Hand Weapons
 a - a +0 rapier (weapon)
Armour
 b - a +0 scale mail (worn)
 c - a +0 shield (worn)
 n - a +0 pair of gloves (worn)
Wands
 m - a wand of disintegration (17)
Scrolls
 e - a scroll of enchant weapon {unknown}
 g - a scroll of amnesia
 h - a scroll of random uselessness {unknown}
 i - 2 scrolls of magic mapping {unknown}
 j - 2 scrolls of remove curse {unknown}
 l - a scroll of noise {unknown}
Potions
 d - a potion of might
Comestibles
 f - 6 rations
 k - 3 chunks of flesh


   Skills:
 + Level 3.2 Fighting
 * Level 3.9 Short Blades
 * Level 4.2 Armour
 * Level 2.6 Dodging
 + Level 3.8 Shields


You had 4 spell levels left.
You didn't know any spells.
Your spell library was empty.

Dungeon Overview and Level Annotations

Branches:
Dungeon (3/15)

Altars:
Okawaru

Annotations:
D:3 Ijyb


Innate Abilities, Weirdness & Mutations

You are small and have problems with some larger weapons.
You are somewhat resistant to further mutation.
You are frail. (-10% HP)
You are occasionally teleported next to monsters.


Message History

You hit Ijyb.
Ijyb is heavily wounded.
Ijyb hits you but does no damage. Ijyb barely misses you.
You barely miss Ijyb.
Ijyb is heavily wounded.
You block Ijyb's attack.
You hit Ijyb but do no damage.
Ijyb is heavily wounded.
Ijyb hits you but does no damage.
You barely miss Ijyb.
Ijyb is heavily wounded.
Ijyb zaps a wand.
You are blasted!
You completely miss Ijyb.
Ijyb is heavily wounded.
Ijyb zaps a wand.
You barely resist. You hit Ijyb.
Ijyb is severely wounded.
Ijyb zaps a wand.
You are blasted!
Ouch! That really hurt!
You die...

#...#.).).#..#
#............#
#.....###...##
######.#...#...#
.......[.....[.##
<.#####..#####..
##...##
#.....####.####
##..=..@g.....?
##.######.###.
#.# #. #+


You could see Ijyb.

Vanquished Creatures
  A bullfrog (D:2)
  A worker ant (D:3)
  2 adders
  An ooze (D:1)
  4 worms (D:2)
  An orc (D:3)
  7 bats
  2 giant cockroaches (D:1)
  9 goblins
  4 hobgoblins
  5 frilled lizards
  6 kobolds
  12 rats
55 creatures vanquished.

Notes
Turn   | Place    | Note
-------+----------+-------------------------------------------
     0 | D:1      | Borgoz the Halfling Fighter began the quest for the Orb.
     0 | D:1      | Reached XP level 1. HP: 15/15 MP: 1/1
    58 | D:1      | Reached XP level 2. HP: 19/20 MP: 2/2
   168 | D:1      | Reached skill level 1 in Dodging
   318 | D:1      | Reached XP level 3. HP: 25/25 MP: 3/3
   822 | D:2      | Noticed a bullfrog
   824 | D:2      | Gained mutation: You are occasionally teleported next to
                  | monsters. [potion of mutation]
   824 | D:2      | Gained mutation: You are frail. (-10% HP) [potion of
                  | mutation]
   825 | D:2      | Reached XP level 4. HP: 6/27 MP: 4/4
   850 | D:2      | Killed a bullfrog
   850 | D:2      | Reached skill level 4 in Armour
   850 | D:2      | Reached XP level 5. HP: 4/32 MP: 5/5
  1639 | D:3      | Found an iron altar of Okawaru.
  1747 | D:3      | Noticed Ijyb
  1766 | D:3      | Blown up by Ijyb

Levels and vault maps discovered:
D:1:      denvon_arrival_planthouse, layout_loops_ring
D:2:      layout_basic, first_ration
D:3:      layout_loops_corners, chequers_jeans, serial_bayou_pond_e,
          okawaru_ov_weapons_minmay, uniq_crazy_yiuf_cottage, uniq_ijyb,
          uniq_grinder

Skill      XL: |  1  2  3  4 |
---------------+-------------+-----
Dodging        | 1 2 |  2.6
Short Blades   | 3 |  3.9
Fighting       | 3 |  3.2
Armour         | 4 |  4.2
Shields        | |  3.8

Action                   |  1- 3 |  4- 6 || total
-------------------------+-------+-------++-------
Melee: Rapier            |   133 |    83 ||   216
Evoke: Wand              |     1 |       ||     1
  Use: Potion            |     2 |     1 ||     3
       Scroll            |       |     2 ||     2
  Eat: Chunk             |       |     3 ||     3
Armor: Scale mail        |    48 |    23 ||    71
Dodge: Dodged            |    57 |    27 ||    84
Block: Shield            |    62 |    36 ||    98

Table legend:
 A = Non-vault XP
 B = Vault XP
 C = Vault XP percentage of total XP
 D = Non-vault monster count
 E = Vault monster count
 F = Vault count percentage of total count
                 A         B        C        D         E       F
            +---------+---------+-------+---------+---------+-------
      Total |     251 |       0 |   0.0 |      55 |       0 |   0.0
            +---------+---------+-------+---------+---------+-------
        D:1 |      38 |       0 |   0.0 |      22 |       0 |   0.0
        D:2 |     159 |       0 |   0.0 |      26 |       0 |   0.0
        D:3 |      54 |       0 |   0.0 |       7 |       0 |   0.0
            +---------+---------+-------+---------+---------+-------
